 Dungeon Crawl Stone Soup version 0.27.1-3-gb3d3a73c9e (webtiles) character file.

Game seed: 14383878686884461693

160 horus123 the Bolt Thrower (level 5, -1/31 HPs)
             Began as a Kobold Hunter on Oct 26, 2021.
             Was a Believer of Kikubaaqudgha.
             Slain by Grinder (8 damage)
             ... on level 3 of the Dungeon.
             The game lasted 00:08:17 (3237 turns).

horus123 the Bolt Thrower (Kobold Hunter)           Turns: 3237, Time: 00:08:17

Health: -1/31      AC:  3    Str: 10    XL:     5   Next: 69%
Magic:  7/7        EV: 14    Int: 12    God:    Kikubaaqudgha [**....]
Gold:   106        SH:  0    Dex: 16    Spells: 2/6 levels left

rFire    + . .     SeeInvis .   j - +1 dagger (holy)
rCold    + . .     Faith    .   (shield restricted)
rNeg     . . .     Spirit   .   c - +0 leather armour
rPois    +         Reflect  .   (no helmet)
rElec    +         Harm     .   (no cloak)
rCorr    +         Rampage  .   (no gloves)
Will     .....                  (no boots)
Stlth    +++.......             (no amulet)
HPRegen  0.10/turn              (no ring)
MPRegen  0.10/turn              (no ring)

@: mighty, resistant
A: small, no large weapons, nightstalker 3
a: Renounce Religion, Receive Corpses


You were on level 3 of the Dungeon.
You worshipped Kikubaaqudgha.
Kikubaaqudgha was pleased with you.
You visited 1 branch of the dungeon, and saw 3 of its levels.

You collected 106 gold pieces.

Inventory:

Hand Weapons
 a - a +1 hand crossbow
 h - a +0 rapier
 j - a +1 dagger of holy wrath (weapon)
Missiles
 n - 11 bolts
Armour
 c - a +0 leather armour (worn)
 d - a +0 ring mail
Scrolls
 f - 2 scrolls of amnesia
 k - a scroll of fog {unknown}
 l - a scroll of enchant armour {unknown}
 p - a scroll of holy word {unknown}
 q - a scroll of magic mapping {unknown}
 r - 2 scrolls of blinking {unknown}
Potions
 b - a potion of haste {unknown}
 e - 3 potions of curing {unknown}
 i - a potion of degeneration {unknown}
 m - a potion of might
 o - a potion of magic {unknown}


   Skills:
 + Level 2.7 Fighting
 + Level 2.8 Short Blades
 + Level 6.3 Crossbows
 + Level 2.5 Dodging
 + Level 1.7 Stealth
 * Level 1.4 Spellcasting
 * Level 1.1 Necromancy


You had 2 spell levels left.
You knew the following spells:

 Your Spells              Type           Power      Damage    Failure   Level
a - Pain                  Necr           12%        1d4       24%         1
b - Animate Skeleton      Necr           6%         N/A       24%         1
c - Sublimation of Blood  Necr           1%         N/A       36%         2

Your spell library contained the following spells:

 Spells                   Type           Power      Damage    Failure   Level
 Vampiric Draining        Necr           1%         2d6       58%         3


Dungeon Overview and Level Annotations

Branches:
Dungeon (3/15)

Altars:
Kikubaaqudgha

Annotations:
D:3 Grinder


Innate Abilities, Weirdness & Mutations

You are small and have problems with some larger weapons.
You are completely attuned to the shadows.


Message History

Grinder gestures at you. Pain shoots through your body!
You hit Grinder.
Grinder convulses.
Grinder is lightly wounded.
You closely miss Grinder.
Grinder is lightly wounded.
Grinder hits you!
You writhe in agony.
You closely miss Grinder.
Grinder is lightly wounded.
Grinder says, "My boss said I was rubbish.
His entrails said otherwise."
Grinder gestures at you. You resist with significant effort.
You closely miss Grinder.
Grinder is lightly wounded.
Grinder barely misses you.
You hit Grinder.
Grinder convulses.
Grinder is moderately wounded.
Grinder misses you.
You closely miss Grinder.
Grinder is moderately wounded.
Grinder hits you.
You writhe in agony.
* * * LOW HITPOINT WARNING * * *
You are too injured to fight recklessly!
You feel protected. Grinder hits you but does no damage.
It was a potion of might.
You feel very mighty all of a sudden. Grinder hits you.
* * * LOW HITPOINT WARNING * * *
You hit Grinder.
Grinder convulses.
Grinder is moderately wounded.
Grinder blinks!
You are too injured to fight recklessly!
You puncture Grinder!
Grinder convulses.
Grinder is severely wounded.
You puncture Grinder!
Grinder convulses.
Grinder is almost dead.
Grinder hits you!
You die...
Kikubaaqudgha rasps: "You have failed me!
Welcome... death!"

.........#
............<..###
.####....#
......#.#)..###...
.# ######
###...#.....+.....
.###
#####.#.#.#...###...
...#
...........#...#
#... ...#
...........#...#
#### ...#
........####...# #..
)..#
....ยง...'..#...#
#.. ...#
...5@...##.##### #..
...# ........##.#
#.. ...#
........##># #..
...# ........##.#
#.. ...#
##########.### #..
####
#........########
#...............#
#........######.#
### #........# #.#


You could see Grinder.

Vanquished Creatures
  A water moccasin skeleton (D:3)
  Robin (D:2)
  3 adders
  2 worms
  A dart slug (D:1)
  An orc (D:3)
  5 endoplasms
  13 goblins
  5 hobgoblins
  5 kobolds
  3 quokkas
  6 ball pythons
  10 bats
  5 frilled lizards
  3 rats
64 creatures vanquished.

Notes
Turn   | Place    | Note
-------+----------+-------------------------------------------
     0 | D:1      | horus123 the Kobold Hunter began the quest for the Orb.
     0 | D:1      | Reached XP level 1. HP: 12/12 MP: 1/1
   143 | D:1      | Reached skill level 5 in Crossbows
   193 | D:1      | Reached XP level 2. HP: 17/17 MP: 2/2
   846 | D:2      | Reached XP level 3. HP: 21/21 MP: 3/3
   937 | D:2      | Noticed a golden eye
   938 | D:2      | Found a faded altar of an unknown god.
   938 | D:2      | Noticed a great orb of eyes
   942 | D:2      | Noticed a great orb of eyes
   942 | D:2      | Noticed a floating eye
   946 | D:2      | Became a worshipper of Kikubaaqudgha
   946 | D:2      | Reached * piety under Kikubaaqudgha
   946 | D:2      | Received a gift from Kikubaaqudgha
   949 | D:2      | Learned a level 1 spell: Pain
   951 | D:2      | Learned a level 1 spell: Animate Skeleton
  1105 | D:2      | Reached skill level 6 in Crossbows
  1175 | D:2      | Reached XP level 4. HP: 27/27 MP: 4/4
  1200 | D:2      | Noticed Robin
  1209 | D:2      | Killed Robin
  1210 | D:2      | Reached skill level 1 in Short Blades
  1734 | D:3      | Reached skill level 1 in Spellcasting
  1734 | D:3      | Reached skill level 1 in Necromancy
  1734 | D:3      | Reached XP level 5. HP: 3/31 MP: 4/6
  2120 | D:3      | Reached ** piety under Kikubaaqudgha
  2636 | D:3      | Learned a level 2 spell: Sublimation of Blood
  3221 | D:3      | Noticed Grinder
  3237 | D:3      | Slain by Grinder

Illustrated notes

Levels and vault maps discovered:
D:1:      minmay_arrival_wavy_path, layout_basic
D:2:      layout_basic, hellmonk_ecumenical_altar_watching_god, chequers_avenue,
          kennysheep_generic_room_13, uniq_robin
D:3:      layout_basic, portal_sewer_entry_d, uniq_grinder

Skill      XL: |  1  2  3  4 |
---------------+-------------+-----
Crossbows      | 5 6 |  6.3
Short Blades   | 2 |  2.8
Spellcasting   | 1 |  1.4
Necromancy     | 1 |  1.1
Fighting       | |  2.7
Dodging        | |  2.5
Stealth        | |  1.7

Action                   |  1- 3 |  4- 6 || total
-------------------------+-------+-------++-------
Melee: Rapier            |    17 |    46 ||    63
       Dagger            |       |    33 ||    33
 Fire: Hand crossbow     |    47 |    18 ||    65
 Cast: Pain              |       |    14 ||    14
  Use: Scroll            |     2 |       ||     2
       Potion            |       |     2 ||     2
 Stab: Sleeping          |     2 |     2 ||     4
       Distracted        |       |     1 ||     1
Armor: Leather armour    |       |    18 ||    18
Dodge: Dodged            |    18 |    59 ||    77
